 Dungeon Crawl Stone Soup version 0.19-a0-860-g5c370dd (webtiles) character file.

6 4thArraOfDagon the Digger (level 1, -1/13 HPs)
             Began as an Octopode Earth Elementalist on July 2, 2016.
             Slain by a kobold
             ... wielding a +0 dagger
              (4 damage)
             ... on level 1 of the Dungeon.
             The game lasted 00:00:47 (149 turns).

4thArraOfDagon the Digger (OpEE)                     Turns: 149, Time: 00:00:48

Health: -1/13      AC:  1    Str:  7    XL:     1   Next: 90%
Magic:  3/3        EV:  9    Int: 17    God:
Gold:   6          SH:  6    Dex: 12    Spells: 1 memorised, 3 levels left

rFire  . . .     SeeInvis .     e - +0 mace
rCold  . . .     Gourm    .     k - +0 shield
rNeg   . . .     Faith    .     (helmet restricted)
rPois  .         Spirit   .     (no amulet)
rElec  .         Dismiss  .     (no ring)
rCorr  .         Reflect  .     (no ring)
SustAt .         Harm     .     (no ring)
MR     .....                    (no ring)
Stlth  +++.......               (no ring)
                                (no ring)
                                (no ring)
                                (no ring)

@: not resistant to hostile enchantments, fairly stealthy
A: almost no armour, amphibious, 8 rings, constrict 8, camouflage 1, gelatinous
body 1
a: no special abilities


You were on level 1 of the Dungeon.
You were not hungry.

You visited 1 branch of the dungeon, and saw 2 of its levels.

You collected 6 gold pieces.

Inventory:

Hand Weapons
 e - a +0 mace (weapon)
Missiles
 b - 35 stones (quivered)
Armour
 k - a +0 shield (worn)
Scrolls
 i - a scroll of identify {unknown}
 l - a scroll of teleportation {unknown}
Potions
 a - a potion of flight {unknown}
 f - 2 potions of magic {unknown}
 j - a potion of cure mutation {unknown}
 m - a potion of cancellation {unknown}
Books
 d - a book of Geomancy

   Spells                             Type                      Level
   a - Sandblast                      Earth                        1
   b - Passwall                       Transmutation/Earth          2
   c - Stone Arrow                    Conjuration/Earth            3
   d - Petrify                        Transmutation/Earth          4
   e - Lee's Rapid Deconstruction     Earth                        5
Comestibles
 c - a bread ration
 g - a beef jerky
 h - 3 fruits


   Skills:
 + Level 1.3 Fighting
 - Level 2.0 Dodging
 - Level 2.6 Stealth
 + Level 0.2 Shields
 - Level 2.0 Spellcasting
   Level 1.0 Transmutations
 - Level 3.0 Earth Magic


You had 3 spell levels left.
You knew the following spells:

 Your Spells              Type           Power        Failure   Level  Hunger
a - Sandblast             Erth           ##....       38%         1    #......


Dungeon Overview and Level Annotations

Branches:
Dungeon (2/15)

Altars:

Annotations:
D:1 1 runed door


Innate Abilities, Weirdness & Mutations

You cannot wear most types of armour.
You are amphibious.
You can wear up to eight rings at the same time.
You can use your tentacles to constrict eight enemies at once.
Your skin changes colour to match your surroundings (Stealth+).
Your rubbery body absorbs attacks. (AC +1)


Message History

You grab the hobgoblin. Your squeeze misses the hobgoblin.
You constrict the hobgoblin, but do no damage.
The hobgoblin barely misses you. x2
Your shield prevents you from hitting the hobgoblin.
You constrict the hobgoblin, but do no damage.
The hobgoblin barely misses you.
You hit the hobgoblin but do no damage. You constrict the hobgoblin.
The hobgoblin hits you. x2
You hit the hobgoblin.
You kill the hobgoblin!
The dart slug launches a dart at you. The slug dart hits you!
* * * LOW HITPOINT WARNING * * *
You are too injured to fight recklessly!
You are too injured to fight recklessly!
You are too injured to fight recklessly!
Unknown command.
You hit the kobold but do no damage. Your grab misses the kobold.
The kobold hits you but does no damage. The kobold hits you with a dagger.
You die...

#..#.........# [.
.##...##......>..#
.......## #####.######
...... #......#
....#.#########......#
...................#
.......#.........#
######.###.#.##......#
........@Kw..##.######
######.###.###.... #.
#........ .. #[#......
... #...##...# ....
#g....... .....
#w.###... ...... #K.#
.. #..#


You could see a dart slug and a kobold.

Vanquished Creatures
  2 goblins
  2 hobgoblins (D:1)
  A rat (D:1)
5 creatures vanquished.

Notes
Turn   | Place    | Note
-------+----------+-------------------------------------------
     0 | D:1      | 4thArraOfDagon the Octopode Earth Elementalist began the quest for the Orb.
     0 | D:1      | Reached XP level 1. HP: 11/11 MP: 3/3
     2 | D:1      | Found a runed door.
     9 | D:1      | Noticed a jelly
    56 | D:2      | Reached skill level 1 in Fighting
   149 | D:1      | Slain by a kobold

Vault maps used:
D:1:      dpeg_arrival_caged_fury
D:2:      uniq_iyjb, uniq_natasha, uniq_jessica

Skill      XL: |  1 |
---------------+----+-----
Fighting       | 1 |  1.3
Dodging        | |  2.0
Stealth        | |  2.6
Shields        | |  0.2
Spellcasting   | |  2.0
Transmutations | |  1.0
Earth Magic    | |  3.0

Action                   || total
-------------------------++-------
Melee: Mace              ||     8
       Unarmed           ||     2
       Constrict         ||     2
       Tentacles         ||     2
 Cast: Sandblast         ||     3
 Stab: Sleeping          ||     1
Dodge: Dodged            ||     6
